 Dungeon Crawl Stone Soup version 0.28.0 (webtiles) character file.

Game seed: 3343366076547223838

16 danielguo94 the Covered (level 2, 0/19 HPs)
             Began as a Gargoyle Fighter on Feb 8, 2022.
             Slain by a bat (1 damage)
             ... on level 1 of the Dungeon.
             The game lasted 00:00:49 (635 turns).

danielguo94 the Covered (Gargoyle Fighter)           Turns: 635, Time: 00:00:50

Health: 0/19       AC:  9    Str: 19    XL:     2   Next: 58%
Magic:  2/2        EV:  9    Int:  8    God:
Gold:   7          SH:  4    Dex:  9    Spells: 1/1 levels left

rFire   . . .      SeeInvis .   h - +2 whip (flame)
rCold   . . .      Faith    .   c - +0 buckler
rNeg    + . .      Spirit   .   b - +0 scale mail
rPois   ∞          Reflect  .   (no helmet)
rElec   +          Harm     .   (no cloak)
rCorr   .          Rampage  .   (no gloves)
Will    .....                   (no boots)
Stlth   ..........              (no amulet)
HPRegen 0.06/turn               (no ring)
MPRegen 0.08/turn               (no ring)

@: no status effects
A: sickness immunity, AC +2, negative energy resistance 1, electricity
resistance, torment resistance 1, petrification resistance
a: no special abilities


You were on level 1 of the Dungeon.
You visited 1 branch of the dungeon, and saw 2 of its levels.

You collected 7 gold pieces.

Inventory:

Hand Weapons
 a - a +0 flail
 h - a +2 whip of flaming (weapon)
Missiles
 e - 23 stones (quivered)
 i - a throwing net
Armour
 b - a +0 scale mail (worn)
 c - a +0 buckler (worn)
Scrolls
 f - a scroll of identify {unknown}
 g - a scroll of fog {unknown}
Potions
 d - a potion of might


   Skills:
 + Level 3.4 Fighting
 * Level 2.4 Maces & Flails
 + Level 3.6 Armour
 + Level 3.4 Shields


You had one spell level left.
You didn't know any spells.
Your spell library contained the following spells:

 Spells                   Type           Power      Damage    Failure   Level
 Animate Armour           Summ/Erth      0%         N/A       100%        4
 Summon Lightning Spire   Summ/Air       0%         N/A       100%        4
 Summon Horrible Things   Summ           0%         N/A       100%        8


Dungeon Overview and Level Annotations

Branches:
Dungeon (2/15)

Altars:

Annotations:
D:2 Robin


Innate Abilities, Weirdness & Mutations

You are immune to sickness and miasma.
Your stone body is resilient. (AC +2)
You are immune to poison.
You resist negative energy. (rN+)
You are resistant to electric shocks. (rElec)
You are resistant to unholy torment.
You are immune to petrification.


Message History

The bat hits you but does no damage.
Robin roars a battlecry!
The goblins go into a battle-frenzy!
There is a stone staircase leading up here.
The bat hits you but does no damage. The goblin closely misses you.
You climb upwards.
There is a stone staircase leading down here.
You barely miss the bat. The bat hits you but does no damage.
The endoplasm hits you but does no damage.
The goblin closely misses you.
You barely miss the goblin. The bat hits you but does no damage.
The endoplasm freezes you.
You are frozen.
You closely miss the bat. The bat closely misses you.
The goblin hits you with a +0 dagger. The endoplasm freezes you.
You are frozen.
The goblin hits you with a +0 dagger.
Unknown command.
Unknown command.
You are too injured to fight recklessly!
Unknown command.
You are too injured to fight recklessly!
The bat hits you but does no damage. The bat hits you but does no damage.
You block the bat's attack. The bat barely misses you.
The bat hits you but does no damage.
The endoplasm jiggles.
The bat hits you but does no damage. The bat hits you but does no damage. x2
The bat hits you but does no damage. The bat hits you but does no damage.
The bat hits you. You block the bat's attack. The endoplasm freezes you.
You are frozen.
* * * LOW HITPOINT WARNING * * *
You block the bat's attack. The bat hits you but does no damage.
The bat hits you.
You die...

...#....#####.............#..P≈≈≈
...............)..........#.P≈≈≈≈
..................##......#P≈≈≈≈≈
..................##.......######
.........[..........#.)....# #...
....................+......###...
......##............#............
......##.....gJ.b...#.####.......
...........###..@.(...##.........
..........># #........##.......##
...........###........##.........
#+##.......##.......#.##.........
...........##.......#..'.........
........)..##.......####.........
...........##........≈≈≈≈≈.......
.....................≈###≈.......
.....................≈≈≈≈≈##.....


You could see an endoplasm, a goblin (strong) and a bat.

Vanquished Creatures
  A ball python (D:1)
  A giant cockroach (D:1)
  3 goblins (D:1)
  2 hobgoblins (D:1)
  A quokka (D:1)
  2 bats (D:1)
  2 frilled lizards (D:1)
  2 kobolds (D:1)
  2 rats (D:1)
16 creatures vanquished.

Notes
Turn   | Place    | Note
-------+----------+-------------------------------------------
     0 | D:1      | danielguo94 the Gargoyle Fighter began the quest for the
                  | Orb.
     0 | D:1      | Reached XP level 1. HP: 14/14 MP: 1/1
   187 | D:1      | Reached XP level 2. HP: 13/19 MP: 2/2
   310 | D:1      | Got the Volume of the Entourage
   616 | D:2      | Noticed Robin
   635 | D:1      | Slain by a bat

Illustrated notes

Levels and vault maps discovered:
D:1:      eino_arrival_druids_welcome, layout_basic, minmay_crystal_water
D:2:      layout_loops_ring, ebering_ecumenical_altar_rust, minmay_pentomino_t4,
          uniq_robin

Action                   || total
-------------------------++-------
Melee: Flail             ||    31
       Whip              ||    33
Armor: Scale mail        ||    55
Dodge: Dodged            ||    37
Block: Buckler           ||    17
